 Dungeon Crawl Stone Soup version 0.29-a0-1009-g60c99734e7 (webtiles) character file.

Game seed: 16864028415262061220

3369 drugrobin the Ducker (level 9, -9/74 HPs)
             Began as a Demigod Fighter on Aug 8, 2022.
             Mangled by a komodo dragon (22 damage)
             ... on level 8 of the Dungeon.
             The game lasted 00:33:27 (11269 turns).

drugrobin the Ducker (Demigod Fighter)             Turns: 11269, Time: 00:33:28

Health: -9/74      AC: 14    Str: 25    XL:     9   Next: 45%
Magic:  5/21       EV: 14    Int: 16    God:
Gold:   489        SH:  4    Dex: 13    Spells: 12/19 levels left

rFire   . . .      SeeInvis +   a - +0 hand axe (elec)
rCold   + . .      Faith    .   c - +0 buckler
rNeg    . . .      Spirit   .   U - +1 chain mail "Laeq" {rC+ Int+2 SInv}
rPois   .          Reflect  .   x - +1 hat
rElec   .          Harm     .   (no cloak)
rCorr   .          Rampage  .   X - +0 pair of gloves
Will    .....                   Z - +1 pair of boots
Stlth   ..........              (no amulet)
HPRegen 0.22/turn               N - +4 ring of evasion
MPRegen 0.17/turn               F - ring of wizardry

@: very slightly contaminated
A: high MP 1, forlorn, divine attributes
a: no special abilities


You were on level 8 of the Dungeon.
You visited 1 branch of the dungeon, and saw 8 of its levels.

You collected 489 gold pieces.

Inventory:

Hand Weapons
 a - a +0 hand axe of electrocution (weapon)
 b - a +2 spear of venom
 w - a +2 whip of venom
 K - a +0 war axe
Missiles
 E - 11 boomerangs (quivered)
 H - a throwing net
 S - 16 poisoned darts
 V - a curare-tipped dart
Armour
 c - a +0 buckler (worn)
 x - a +1 hat (worn)
 B - the +3 robe of a bailey {Will+ Str+2}
   (You found it on level 4 of the Dungeon)

   Str:       It affects your strength (+2).
   Will:      It increases your willpower.
 U - the +1 chain mail "Laeq" (worn) {rC+ Int+2 SInv}
   (You found it on level 7 of the Dungeon)

   Int:       It affects your intelligence (+2).
   rC:        It protects you from cold.
   SInv:      It lets you see invisible.
 X - a +0 pair of gloves (worn)
 Z - a +1 pair of boots (worn)
Jewellery
 p - a ring of resist corrosion
 r - a +6 ring of intelligence
 s - a ring of fire
 t - a ring of protection from cold
 F - a ring of wizardry (right hand)
 N - a +4 ring of evasion (left hand)
 T - a ring of poison resistance
Wands
 q - a wand of digging (7)
 M - a wand of polymorph (6)
 P - a wand of paralysis (12)
 R - a wand of flame (17)
Scrolls
 e - 8 scrolls of identify {unknown}
 i - 2 scrolls of immolation {unknown}
 k - 2 scrolls of enchant armour {unknown}
 m - 2 scrolls of teleportation {unknown}
 v - a scroll of vulnerability {unknown}
 y - a scroll of summoning {unknown}
 C - 2 scrolls of enchant weapon {unknown}
 D - 2 scrolls of blinking {unknown}
 G - a scroll of poison {unknown}
 I - a scroll of silence {unknown}
 O - a scroll of amnesia {unknown}
 Q - a scroll of magic mapping {unknown}
 W - a scroll of brand weapon {unknown}
 Y - a scroll of butterflies {unknown}
Potions
 d - 2 potions of might
 f - a potion of brilliance {unknown}
 g - a potion of magic {unknown}
 h - a potion of haste {unknown}
 j - 2 potions of cancellation {unknown}
 l - 3 potions of curing
 n - a potion of mutation {unknown}
 u - 2 potions of flight {unknown}
 z - a potion of invisibility {unknown}
 A - 2 potions of degeneration {unknown}
 J - a potion of resistance {unknown}
 L - 3 potions of berserk rage {unknown}


   Skills:
 + Level 5.3 Fighting
 - Level 5.9 Axes
 - Level 2.6 Armour
 - Level 6.1 Dodging
 - Level 2.6 Shields
 + Level 5.8 Spellcasting
 + Level 4.7 Conjurations


You had 12 spell levels left.
You knew the following spells:

 Your Spells              Type           Power      Damage    Failure   Level
a - Necrotise             Necr           16%        1d4       45%         1
b - Stone Arrow           Conj/Erth      24%        3d8       47%         3
c - Dazzling Flash        Conj/Hex       24%        N/A       47%         3

Your spell library contained the following spells:

 Spells                   Type           Power      Damage    Failure   Level
 Static Discharge         Conj/Air       12%        3-5/arc   28%         2
 Vampiric Draining        Necr           4%         2d6       80%         3
 Iskenderun's Mystic Bla  Conj/Tloc      12%        2d5       86%         4
 Animate Armour           Summ/Erth      8%         N/A       99%         4
 Lightning Bolt           Conj/Air       6%         1d18      99%         5
 Agony                    Necr           4%         N/A       100%        5
 Starburst                Conj/Fire      6%         6d4       100%        6
 Lehudib's Crystal Spear  Conj/Erth      6%         10d3      100%        8
 Maxwell's Capacitive Co  Air            2%         ∞         100%        8


Dungeon Overview and Level Annotations

Branches:
Dungeon (8/15)             Temple (0/1) D:4
   Lair: D:8-11

Shops:
D:2 (   D:4 =   D:5 :


Innate Abilities, Weirdness & Mutations

You have an increased reservoir of magic. (+10% MP)
You shall have no god before yourself.
Your divine heritage dramatically boosts your attributes as you level up.


Message History

The komodo dragon is heavily wounded.
The komodo dragon bites you!!
* * * LOW HITPOINT WARNING * * *
Unknown command.
Unknown command.
Unknown command.
Unknown command.
Okay, then.
Okay, then.
Unknown command.
Unknown command.
Casting: Dazzling Flash (dangerous; 47% risk of failure)
Confirm with . or Enter, or press ? or * to list all spells.
Aiming: Stone Arrow (dangerous; 47% risk of failure)
Press: ? - help, Shift-Dir - straight line, f - komodo dragon
Aim: a komodo dragon (heavily wounded, extremely poisoned, 77% to hit)
The stone arrow hits the komodo dragon!
The komodo dragon is severely wounded.
The komodo dragon misses you.
Unknown command.
Unknown command.
Casting: Stone Arrow (dangerous; 47% risk of failure)
Confirm with . or Enter, or press ? or * to list all spells.
Aiming: Stone Arrow (dangerous; 47% risk of failure)
Press: ? - help, Shift-Dir - straight line, f/p - komodo dragon
Aim: a komodo dragon (severely wounded, extremely poisoned, 77% to hit)
You miscast Stone Arrow.
You are hit by flying rocks.
The komodo dragon closely misses you.
Unknown command.
Unknown command.
Unknown command.
Casting: Stone Arrow (dangerous; 47% risk of failure)
Confirm with . or Enter, or press ? or * to list all spells.
Aiming: Stone Arrow (dangerous; 47% risk of failure)
Press: ? - help, Shift-Dir - straight line, f/p - komodo dragon
Aim: a komodo dragon (severely wounded, very poisoned, 77% to hit)
The stone arrow hits the komodo dragon!
The komodo dragon is almost dead.
The komodo dragon bites you!!
You die...

#.#...### #####
#.......#
#.......#
#.......#
##......#
#......#
#....~.#
#......#
#.....@########
#......l......#
#############.#
#.# #l# #.#
#.## #..# ##.##


You could see a komodo dragon (very poisoned).

Vanquished Creatures
  Grinder (D:4)
  A shadow (D:6)
  A steam dragon (D:6)
  A water moccasin (D:6)
  2 ice beasts
  An orc warrior (D:8)
  2 black bears
  2 centaurs (D:7)
  2 phantoms (D:5)
  2 kobold brigands (D:7)
  3 gnoll sergeants
  4 scorpions
  3 necrophages
  A water moccasin zombie (D:3)
  A jelly (D:6)
  3 hounds
  4 orc priests
  3 iguanas
  Natasha (thrice) (D:3)
  6 orc wizards
  Ijyb (D:3)
  A hound skeleton (D:3)
  26 gnolls
  A howler monkey skeleton (D:3)
  6 river rats (D:5)
  6 adders
  2 shadow imps
  3 white imps
  An ufetubus (D:4)
  An adder skeleton (D:3)
  An adder zombie (D:3)
  3 worms (D:2)
  2 dart slugs (D:1)
  21 orcs
  7 ball pythons
  3 endoplasms
  2 giant cockroaches
  10 hobgoblins
  7 quokkas
  A ball python simulacrum (D:3)
  10 bats
  3 frilled lizards
  4 goblins
  35 kobolds
  15 rats
218 creatures vanquished.

Vanquished Creatures (collateral kills)
  An ogre (D:5)
1 creature vanquished.

Vanquished Creatures (others)
  40 plants (D:7)
  15 withered plants (D:3)
55 creatures vanquished.

Grand Total: 274 creatures vanquished

Notes
Turn   | Place    | Note
-------+----------+-------------------------------------------
     0 | D:1      | drugrobin the Demigod Fighter began the quest for the Orb.
     0 | D:1      | Reached XP level 1. HP: 18/18 MP: 3/3
   476 | D:2      | Reached XP level 2. HP: 22/25 MP: 4/4
   617 | D:1      | HP: 1/25 [poisoned by a kobold]
  1862 | D:2      | Reached XP level 3. HP: 30/30 MP: 5/5
  2342 | D:2      | Reached XP level 4. HP: 22/37 MP: 6/6
  2518 | D:2      | Found Izoydo's Antique Weapon Shop.
  3073 | D:3      | Noticed Ijyb
  3085 | D:3      | Killed Ijyb
  3415 | D:3      | Noticed Natasha
  3417 | D:3      | Found the +4 dagger "Morg" {pain, Will+ Int+5}
  3433 | D:3      | Killed Natasha
  3445 | D:3      | Reached skill level 5 in Axes
  3450 | D:3      | Reached XP level 5. HP: 28/42 MP: 7/7
  4065 | D:3      | Noticed Natasha
  4078 | D:3      | Killed Natasha
  4214 | D:3      | Noticed Natasha
  4220 | D:3      | Killed Natasha
  4504 | D:4      | Found Nais's One-of-a-Kind Rings.
  4616 | D:4      | Identified the +3 robe of a bailey {Will+ Str+2}
  4659 | D:4      | Learned a level 1 spell: Necrotise
  4813 | D:4      | Found a staircase to the Ecumenical Temple.
  4886 | D:4      | Learned a level 3 spell: Stone Arrow
  5130 | D:4      | Reached XP level 6. HP: 48/50 MP: 9/9
  5410 | D:4      | Noticed Grinder
  5440 | D:4      | Killed Grinder
  5441 | D:4      | Reached skill level 1 in Dodging
  5441 | D:4      | Reached skill level 1 in Spellcasting
  5441 | D:4      | Reached skill level 1 in Conjurations
  5609 | D:5      | Entered Level 5 of the Dungeon
  5609 | D:5      | Found Tipimmo's Vocational Training.
  5721 | D:5      | Reached skill level 2 in Dodging
  5721 | D:5      | Reached XP level 7. HP: 51/56 MP: 13/13
  6189 | D:5      | Reached skill level 3 in Dodging
  6201 | D:5      | Learned a level 3 spell: Dazzling Flash
  6497 | D:5      | Reached XP level 8. HP: 49/62 MP: 4/16
  6847 | D:4      | Reached skill level 4 in Dodging
  8072 | D:6      | Reached skill level 5 in Dodging
  8574 | D:6      | Reached skill level 5 in Spellcasting
  8574 | D:6      | Reached XP level 9. HP: 64/71 MP: 12/20
  9769 | D:7      | Identified the +1 chain mail "Laeq" {rC+ Int+2 SInv}
  9815 | D:7      | Reached skill level 6 in Dodging
  9841 | D:7      | Reached skill level 5 in Fighting
 11231 | D:8      | Noticed a komodo dragon
 11269 | D:8      | Mangled by a komodo dragon

Illustrated notes

Levels and vault maps discovered:
D:1:      elethiomel_arrival_infinity_welcomes_careful_drivers, layout_rooms,
          hellmonk_ecumenical_altar_arch_garden
D:2:      layout_loops_corners, serial_shops, nicolae_shop_trees
D:3:      layout_rooms, serial_aquarium, aquarium_bridge_straight
          [aquarium_subvault_bridge, aquarium_subvault_wall,
          aquarium_subvault_bridge, aquarium_subvault_balcony],
          aquarium_window_1, aquarium_window_1, aquarium_window_2,
          aquarium_view_2c, aquarium_view_2c, aquarium_pool_2,
          dilly_guarded_unrand_morg, uniq_ijyb, uniq_natasha
D:4:      layout_basic, temple_green, nicolae_shop_unique_rings,
          minmay_misc_feat_doors, supply_closet_lemuel, uniq_grinder
D:5:      lemuel_ratsnest, layout_rooms, minmay_stone_trees_small,
          nicolae_shop_vocational
D:6:      layout_basic
D:7:      kennysheep_kobold_camp, layout_rooms, kiku_gazebo_garden_becter,
          kennysheep_big_empty_room
D:8:      layout_basic, erik_lair_dragon, minmay_bent

Skill      XL: |  1  2  3  4  5  6  7  8  9 |
---------------+----------------------------+-----
Axes           | 2 3 4 5 |  5.9
Dodging        | 2 3 5 6 |  6.1
Spellcasting   | 2 3 5 |  5.8
Conjurations   | 2 3 4 |  4.7
Fighting       | 4 5 |  5.3
Armour         | |  2.6
Shields        | |  2.6

Action                   |  1- 3 |  4- 6 |  7- 9 || total
-------------------------+-------+-------+-------++-------
Melee: War axe           |    39 |       |       ||    39
       Whip              |    61 |    33 |       ||    94
       Spear             |       |   118 |   222 ||   340
       Hand axe          |       |       |   195 ||   195
Throw: Stone             |     9 |       |       ||     9
       Boomerang         |       |     5 |    20 ||    25
 Cast: Necrotise         |       |     6 |    40 ||    46
       Stone Arrow       |       |     3 |    49 ||    52
       Dazzling Flash    |       |       |     3 ||     3
 Stab: Sleeping          |       |       |     1 ||     1
       Invisible         |       |       |     3 ||     3
Armor: Scale mail        |    47 |    31 |       ||    78
       Robe              |       |    10 |    69 ||    79
       Chain mail        |       |       |    17 ||    17
Dodge: Dodged            |    49 |    46 |   256 ||   351
Block: Buckler           |    30 |    12 |    67 ||   109

Table legend: (Time is in decaauts)
 A = Elapsed time spent in this place.
 B = Non-inter-level travel time spent in this place.
 C = Inter-level travel time spent in this place.
 D = Time resting spent in this place.
 E = Time spent auto-exploring this place.
 F = Levels seen in this place.
 G = Mean time per level.
                   A        B        C        D        E       F      G
               +--------+--------+--------+--------+--------+-----+--------+
         Total |  11292 |  10841 |    451 |   2301 |   6136 |   8 | 1411.5 |
       Dungeon |  11292 |  10841 |    451 |   2301 |   6136 |   8 | 1411.5 |
               +--------+--------+--------+--------+--------+-----+--------+

Top non-repeatable levels by time:
     D:3: 1692 daAuts
     D:6: 1680 daAuts
     D:5: 1649 daAuts
     D:2: 1578 daAuts
     D:4: 1386 daAuts
     D:7: 1285 daAuts
     D:1: 1249 daAuts
     D:8: 772 daAuts
